 Dungeon Crawl Stone Soup version 0.31.0-11-ge490571c62 (webtiles) character file.

Game seed: 1865397980949761005

23 Flugkiller the Chiller (level 3, -1/16 HPs)
             Began as a Vine Stalker Ice Elementalist on Feb 2, 2024.
             Slain by a quokka (3 damage)
             ... on level 3 of the Dungeon.
             The game lasted 00:00:54 (204 turns).

Flugkiller the Chiller (VSIE)                        Turns: 204, Time: 00:00:54

Health: -1/16      AC:  2    Str:  7 (10) XL:     3   Next: 0%
Magic:  0/8        EV: 12    Int: 14 (17) God:
Gold:   11         SH:  0    Dex: 12 (14) Spells: 6/7 levels left

rFire   . . .        c - +0 dagger
rCold   . . .        (no shield)
rNeg    . . .        a - +0 robe
rPois   .            (no helmet)
rElec   .            (no cloak)
rCorr   .            (no gloves)
SInv    .            (no boots)
Will    .....        (no amulet)
Stlth   ++           (no ring)
HPRegen 1.02/turn    (no ring)
MPRegen 0.11/turn

%: guardian spirit
@: no status effects
A: fangs 2, regeneration 1, magic shield, antimagic bite, no potion heal 2
a: no special abilities


You were on level 3 of the Dungeon.
You visited 1 branch of the dungeon, and saw 3 of its levels.

You collected 11 gold pieces.

Inventory:

Hand Weapons
 c - a +0 dagger (weapon)
   (You took it off a goblin on level 1 of the Dungeon)
Armour
 a - a +0 robe (worn)
Magical Staves
 d - a staff of fire
   (You found it on level 1 of the Dungeon)
Potions
 e - a potion of degeneration


   Skills:
 - Level 1.5 Dodging
 - Level 2.4 Stealth
 + Level 2.9 Spellcasting
 + Level 4.4 Ice Magic


You had 6 spell levels left.
You knew the following spells:

 Your Spells              Type           Power      Damage    Failure   Level
a - Freeze                Ice            56%        1d7       3%          1

Your spell library contained the following spells:

 Spells                   Type           Power      Damage    Failure   Level
 Frozen Ramparts          Ice            28%        1d5       11%         3
 Ozocubu's Armour         Ice            14%        N/A       11%         3
 Summon Ice Beast         Ice/Summ       8%         N/A       26%         3


Dungeon Overview and Level Annotations

Branches:
Dungeon (3/15) Zot: 17796

Altars:


Innate Abilities, Weirdness & Mutations

You have extremely sharp teeth.
Your natural rate of healing is unusually fast.
When hurt, damage is shared between your health and your magic reserves.
Your bite disrupts and absorbs the magic of your enemies.
Potions cannot restore your health.


Message History

Unknown command.
The jackal bites you.
An orc comes into view. It is wielding a +0 flail.
You barely miss the jackal.
The orc shouts!
Your bite misses the jackal.
The jackal is moderately wounded.
The jackal bites you. The jackal closely misses you.
You hit the jackal but do no damage. Your bite misses the jackal.
The jackal is moderately wounded.
The jackal bites you.
* * * LOW HITPOINT WARNING * * *
Unknown command.
You miss the jackal.
The jackal is moderately wounded.
The jackal bites you.
* * * LOW HITPOINT WARNING * * *
An orc comes into view. It is wielding a +0 club.
Unknown command.
You hit the jackal. You bite the jackal, but do no damage.
The jackal is almost dead.
The jackal closely misses you. The jackal misses you.
An orc comes into view. It is wielding a +0 mace.
You hit the jackal.
You kill the jackal!
An orc comes into view. It is wielding a +0 mace.
Casting: Freeze (safe; 3% risk of failure)
Confirm with . or Enter, or press ? or * to list all spells.
Aiming: Freeze (safe; 3% risk of failure)
Press: ? - help, Shift-Dir - straight line, f - quokka
Aim: a quokka You freeze the quokka.
The quokka is moderately wounded.
The orc shouts!
The quokka barely misses you.
You closely miss the quokka. Your bite misses the quokka.
The quokka is moderately wounded.
The quokka bites you. The orc misses you.
Unknown command.
Magic courses through your body. The quokka closely misses you.
The orc barely misses you.
It was a potion of degeneration.
There was something very wrong with that liquid.
You feel weakened.
You feel dopey.
You feel clumsy. The quokka bites you. The orc closely misses you.
Unknown command.
You hit the quokka but do no damage.
The quokka is moderately wounded.
The quokka closely misses you. The orc barely misses you.
Unknown command.
You hit the quokka. Your bite misses the quokka.
The quokka is severely wounded.
The quokka bites you. The quokka misses you. The orc hits you with a +0 dagger.
* * * LOW HITPOINT WARNING * * *
Unknown command.
Casting: Freeze (safe; 4% risk of failure)
Confirm with . or Enter, or press ? or * to list all spells.
Aiming: Freeze (safe; 4% risk of failure)
Press: ? - help, Shift-Dir - straight line, f/p - quokka
Aim: a quokka (severely wounded)
You freeze the quokka.
You kill the quokka!
The orc closely misses you.
You have reached level 3!
Your experience leads to an increase in your attributes!
Your base attributes are Str 10, Int 15, Dex 14.
Increase (S)trength, (I)ntelligence, or (D)exterity?
You feel clever. x2
Unknown command.
Casting: Freeze (safe; 3% risk of failure)
Confirm with . or Enter, or press ? or * to list all spells.
Aiming: Freeze (safe; 3% risk of failure)
Press: ? - help, Shift-Dir - straight line, f - orc
Aim: an orc, wielding a +0 dagger You freeze the orc.
The orc is lightly wounded.
Casting: Freeze (safe; 3% risk of failure)
Confirm with . or Enter, or press ? or * to list all spells.
Aiming: Freeze (safe; 3% risk of failure)
Press: ? - help, Shift-Dir - straight line, f/p - orc
Aim: an orc, wielding a +0 dagger (lightly wounded)
You freeze the orc.
The orc is severely wounded.
The orc hits you with a +0 dagger.
Casting: Freeze (safe; 3% risk of failure)
Confirm with . or Enter, or press ? or * to list all spells.
You don't have enough magic to cast this spell.
Unknown command.
You barely miss the orc.
The orc is severely wounded.
The quokka bites you.
* * * LOW HITPOINT WARNING * * *
The orc barely misses you.
Unknown command.
You barely miss the orc.
The orc is severely wounded.
The quokka barely misses you. The orc hits you with a +0 dagger.
* * * LOW HITPOINT WARNING * * *
The quokka bites you.
You die...

. #.# ##
#############.#####..
....................#
....................#
....................#
.......<............#
......)..†..........#
............@o......#
###+#########r#####.#
#....ooo# #....o..#
.......?.......
####...........
#.......#....
#............
#..........##


You could see 5 orcs and a quokka.

Vanquished Creatures
  An adder (D:2)
  2 bats
  A goblin (D:1)
  2 hobgoblins (D:1)
  4 jackals (D:3)
  A quokka (D:3)
  A quokka skeleton (D:2)
  A rat (D:3)
13 creatures vanquished.

Notes
Turn   | Place    | Note
-------+----------+-------------------------------------------
     0 | D:1      | Flugkiller the Vine Stalker Ice Elementalist began the
                  | quest for the Orb.
     0 | D:1      | Reached XP level 1. HP: 9/9 MP: 4/4
   118 | D:2      | Reached XP level 2. HP: 13/13 MP: 4/6
   201 | D:3      | Reached XP level 3. HP: 6/16 MP: 2/8
   204 | D:3      | Slain by a quokka

Illustrated notes

Levels and vault maps discovered:
D:1:      scummos_arrival_forest, layout_basic
D:2:      layout_basic, serial_undead, serial_undead_e, serial_undead_d,
          serial_undead_a, serial_undead_c, dk_noncrumbling_3
D:3:      layout_basic, general_overflow_altar,
          grunt_temple_overflow_growth_and_decay, kennysheep_generic_room_12

Action                     || total
---------------------------++-------
  Melee: Dagger            ||    41
         Bite              ||     6
         Unarmed           ||     1
         Punch             ||     1
   Cast: Freeze            ||    16
    Use: Potion            ||     2
   Stab: Sleeping          ||     2
 Armour: Robe              ||    48
  Dodge: Dodged            ||    60
